 Dungeon Crawl Stone Soup version 0.31-a0-237-g2d982f9f85 (webtiles) character file.

Game seed: 15848690233226129168

146 qw the Shooter (level 5, -4/41 HPs)
             Began as a Minotaur Hexslinger on July 10, 2023.
             Slain by an ice beast (11 damage)
             ... on level 5 of the Dungeon.
             The game lasted 00:00:40 (1873 turns).

qw the Shooter (Minotaur Hexslinger)                Turns: 1873, Time: 00:00:41

Health: -4/41      AC:  5    Str: 12    XL:     5   Next: 7%
Magic:  5/5        EV: 11    Int: 10    God:
Gold:   69         SH:  0    Dex: 15    Spells: 5/6 levels left

rFire   . . .        Y - +1 sling
rCold   . . .        (no shield)
rNeg    + . .        e - +0 ring mail
rPois   .            (helmet restricted)
rElec   .            (no cloak)
rCorr   .            (no gloves)
SInv    .            (no boots)
Will    .....        (no amulet)
Stlth   +            f - ring of positive energy
HPRegen 0.26/turn    (no ring)
MPRegen 0.09/turn

%: no passive effects
@: no status effects
A: horns 2, retaliatory headbutt
a: no special abilities


You were on level 5 of the Dungeon.
You visited 1 branch of the dungeon, and saw 4 of its levels.

You collected 69 gold pieces.


Innate Abilities, Weirdness & Mutations

You have a pair of horns on your head.
You reflexively headbutt those who attack you in melee.


   Skills:
 + Level 2.0 Fighting
 - Level 5.4 Ranged Weapons
 - Level 1.1 Armour
 - Level 2.1 Dodging
 - Level 1.0 Spellcasting
 - Level 2.0 Hexes


You had 5 spell levels left.
You knew the following spells:

 Your Spells              Type           Power      Damage    Failure   Level
a - Slow                  Hex            16%        N/A       34%         1

Your spell library contained the following spells:

 Spells                   Type           Power      Damage    Failure   Level
 Inner Flame              Hex/Fire       2%         N/A       83%         3
 Portal Projectile        Hex/Tloc       4%         N/A       83%         3
 Cause Fear               Hex            2%         N/A       98%         4

Inventory:

Hand Weapons
 Y - a +1 sling (weapon)
Armour
 e - a +0 ring mail (worn)
Jewellery
 f - a ring of positive energy (left hand)
Scrolls
 c - a scroll of identify
Potions
 a - a potion of curing
 g - a potion of might {unknown}
 h - a potion of cancellation {unknown}
 i - a potion of enlightenment {unknown}
 k - a potion of heal wounds {unknown}

Dungeon Overview and Level Annotations

Branches:
Dungeon (3/15)

Altars:
Hepliaklqana

Shops:
D:1 :   D:2 (

Annotations:
D:3 1 transporter, Terence; qw's ghost, amateur MiHs


Message History

The slug dart misses you.
You shoot a sling bullet.
The sling bullet hits the dart slug but does no damage.
The dart slug is severely wounded.
You shoot a sling bullet. The sling bullet hits the dart slug!
You kill the dart slug!
You shoot a sling bullet. The sling bullet hits the ice beast.
The ice beast is lightly wounded.
The ice beast hits you. The ice beast freezes you.
You shoot a sling bullet.
The sling bullet hits the ice beast but does no damage.
The ice beast is lightly wounded.
The ice beast hits you. The ice beast freezes you!
You shoot a sling bullet. The sling bullet hits the ice beast.
The ice beast is lightly wounded.
The ice beast hits you but does no damage.
You shoot a sling bullet.
The sling bullet barely misses the ice beast.
The ice beast hits you but does no damage.
You shoot a sling bullet.
The sling bullet closely misses the ice beast.
The ice beast hits you but does no damage.
The ice beast barely misses you.
You shoot a sling bullet. The sling bullet hits the ice beast.
The ice beast is moderately wounded.
The ice beast hits you. The ice beast freezes you!
You shoot a sling bullet. The sling bullet hits the ice beast!
The ice beast is heavily wounded.
The ice beast hits you but does no damage.
You shoot a sling bullet. The sling bullet hits the ice beast.
The ice beast is heavily wounded.
The ice beast barely misses you. The ice beast misses you.
You furiously retaliate!
You headbutt the ice beast. You shoot a sling bullet.
The sling bullet barely misses the ice beast.
The ice beast hits you but does no damage.
You shoot a sling bullet. The sling bullet hits the ice beast.
The ice beast is severely wounded.
The ice beast hits you. The ice beast freezes you!
You die...

#.......>###
###.#......#
##.#.####..#
##..#.# ..#
#..#..# ..
#..## # #...#
#.#.# #@#.#
#.......Y......
#.#.#.#.#.#.#.#
.......... #.#
#/#.#.#. #.>
... ... ## #.#
#.# ### ##


You could see an ice beast.

Vanquished Creatures
  An ice beast (D:5)
  A worm (D:2)
  2 dart slugs
  6 orcs (D:3)
  2 bats
  4 endoplasms
  3 giant cockroaches
  5 goblins
  4 hobgoblins
  3 kobolds (D:1)
  2 quokkas
  3 ball pythons
  2 frilled lizards
  4 rats
42 creatures vanquished.

Notes
Turn   | Place    | Note
-------+----------+-------------------------------------------
     0 | D:1      | qw the Minotaur Hexslinger began the quest for the Orb.
     0 | D:1      | Reached XP level 1. HP: 16/16 MP: 1/1
     0 | D:1      | 0 ||| qw: Version: 0.3-a-52-g30416fa
     0 | D:1      | 0 ||| qw: Game counter: 5007
     0 | D:1      | 0 ||| qw: Melee chars always use a shield: true
     0 | D:1      | 0 ||| qw: God list: Okawaru
     0 | D:1      | 0 ||| qw: Allow faded altars: false
     0 | D:1      | 0 ||| qw: Do Orc after clearing Dungeon:15 true
     0 | D:1      | 0 ||| qw: Do second Lair branch before Depths: true
     0 | D:1      | 0 ||| qw: Lair rune preference: random
     0 | D:1      | 0 ||| qw: Goals: Normal
     0 | D:1      | 0 ||| PLANNING D:1-11
   154 | D:1      | Found Cahaess's Book Shoppe.
   243 | D:1      | Reached skill level 3 in Ranged Weapons
   243 | D:1      | Reached XP level 2. HP: 19/23 MP: 2/2
   839 | D:1      | 839 ||| UPGRADING to +0 ring mail.
   849 | D:1      | 849 ||| DROPPING +0 robe.
   850 | D:1      | 850 ||| UPGRADING to ring of positive energy.
   851 | D:1      | 851 ||| READING scroll labelled MUG AVVUUTT.
   852 | D:1      | 852 ||| READING scroll labelled HUVASUFOSH.
   853 | D:1      | 853 ||| READING scroll labelled IKUMOIKIMU.
   854 | D:1      | 854 ||| READING scroll labelled QOYKACV LOUFO.
   855 | D:1      | 855 ||| READING scroll labelled ZEKOIK JARUO.
   856 | D:1      | 856 ||| DRINKING 2 fizzy golden potions.
   891 | D:1      | 891 ||| DRINKING 2 ruby potions.
   892 | D:1      | 892 ||| DROPPING scroll of poison.
   893 | D:1      | 893 ||| DROPPING potion of lignification.
   894 | D:1      | 894 ||| DROPPING potion of attraction.
   990 | D:2      | Found Lukkiyj's Weapon Shoppe.
  1055 | D:2      | Reached XP level 3. HP: 29/29 MP: 3/3
  1583 | D:2      | Reached skill level 4 in Ranged Weapons
  1586 | D:2      | 1586 ||| READING scroll labelled TESSIB GAUNERU.
  1591 | D:2      | 1591 ||| DRINKING 2 sedimented yellow potions.
  1592 | D:2      | 1592 ||| READING 2 scrolls of identify.
  1592 | D:2      | 1592 ||| IDENTIFYING emerald potion
  1593 | D:2      | 1593 ||| DROPPING potion of degeneration.
  1616 | D:3      | Found a transporter.
  1617 | D:3      | Noticed qw's ghost (amateur MiHs)
  1635 | D:3      | Found a hazy altar of Hepliaklqana.
  1644 | D:3      | Reached skill level 1 in Armour
  1713 | D:3      | Noticed Terence
  1713 | D:3      | You fall into a shaft and drop 2 floors!
  1713 | D:5      | Entered Level 5 of the Dungeon
  1717 | D:5      | Noticed an ice beast
  1724 | D:5      | HP: 6/29 [ice beast (9)]
  1725 | D:5      | Killed an ice beast
  1726 | D:5      | Reached skill level 5 in Ranged Weapons
  1726 | D:5      | Reached XP level 4. HP: 7/36 MP: 4/4
  1726 | D:5      | Reached XP level 5. HP: 9/41 MP: 5/5
  1860 | D:5      | Noticed an ice beast
  1869 | D:5      | HP: 7/41 [ice beast (14)]
  1873 | D:5      | Slain by an ice beast

Levels and vault maps discovered:
D:1:      roderic_octagonal_star, layout_loops_cross, serial_shops, shop
D:2:      kennysheep_six_static_rooms, layout_basic, serial_glass,
          glass_columns_c, glass_columns_c, serial_shops,
          nicolae_shop_bloodbath_and_beyond
D:3:      layout_rooms, lemuel_doored_altar, gammafunk_ghost_abyssal_escape,
          small_statue_intersection, uniq_terence
D:5:      minmay_chambers_of_fours, layout_basic,
          chequers_temple_overflow_statue_of_worship,
          minmay_temple_entry_overgrown, serial_bayou, serial_bayou_pond_a,
          serial_bayou_shore_a, serial_bayou_pond_e, serial_bayou_pond_c,
          minmay_misc_feat_doors, interstate_on_off, st_stairs_12,
          minmay_diced_spiral

Skill      XL: |  1  2  3 |
---------------+----------+-----
Ranged Weapons | 3 5 |  5.4
Fighting       | 2 |  2.0
Armour         | 1 |  1.1
Dodging        | |  2.1
Spellcasting   | |  1.0
Hexes          | |  2.0

Action                     |  1- 3 |  4- 6 || total
---------------------------+-------+-------++-------
   Fire: Sling             |   125 |    13 ||   138
    Use: Scroll            |     7 |       ||     7
         Potion            |     3 |       ||     3
 Armour: Robe              |     6 |       ||     6
         Ring mail         |     6 |     5 ||    11
  Dodge: Dodged            |    39 |     5 ||    44

Table legend:
 A = Non-vault XP
 B = Vault XP
 C = Vault XP percentage of total XP
 D = Non-vault monster count
 E = Vault monster count
 F = Vault count percentage of total count
                 A         B        C        D         E       F
            +---------+---------+-------+---------+---------+-------
      Total |     191 |      18 |   8.6 |      35 |       7 |  16.7
            +---------+---------+-------+---------+---------+-------
        D:1 |      36 |       0 |   0.0 |      20 |       0 |   0.0
        D:2 |      11 |      14 |  56.0 |       7 |       6 |  46.2
        D:3 |      20 |       0 |   0.0 |       7 |       0 |   0.0
        D:5 |     124 |       4 |   3.1 |       1 |       1 |  50.0
            +---------+---------+-------+---------+---------+-------
